 Dungeon Crawl Stone Soup version 0.26-a0-667-g92642533e4 (webtiles) character file.

Game seed: 18296861205913421241

464 Conn the Magician (level 7, -4/42 HPs)
             Began as an Octopode Hedge Wizard on Oct 17, 2020.
             Slain by an orc warrior
             ... wielding a +0 battleaxe
              (22 damage)
             ... on level 3 of the Dungeon.
             The game lasted 00:12:10 (4932 turns).

Conn the Magician (Octopode Hedge Wizard)           Turns: 4932, Time: 00:12:11

Health: -4/42      AC:  8    Str: 10    XL:     7   Next: 8%
Magic:  2/14       EV: 13    Int: 18    God:
Gold:   144        SH:  0    Dex: 11    Spells: 4/15 levels left

rFire    . . .     SeeInvis .   x - +1 short sword (protect)
rCold    . . .     Faith    .   (no shield)
rNeg     . . .     Spirit   .   b - +0 hat
rPois    .         Reflect  .   (no amulet)
rElec    .         Harm     .   (no ring)
rCorr    .         Rampage  .   (no ring)
MR       .....                  (no ring)
Stlth    ++++......             (no ring)
HPRegen  0.14/turn              (no ring)
MPRegen  0.14/turn              (no ring)
                                (no ring)
                                (no ring)

@: protection aura
A: almost no armour, stealthy swim, amphibious, 8 rings, constrict 8, camouflage
1, gelatinous body 1
a: no special abilities


You were on level 3 of the Dungeon.
You visited 1 branch of the dungeon, and saw 4 of its levels.
You also visited: Sewer.

You collected 144 gold pieces.

Inventory:

Hand Weapons
 a - a +0 dagger
 e - a +0 short sword
 j - a +0 short sword
 x - a +1 short sword of protection (weapon)
Missiles
 p - 18 poisoned darts (quivered)
 w - 20 sling bullets
Armour
 b - a +0 hat (worn)
Wands
 v - a wand of disintegration (5)
Scrolls
 c - 4 scrolls of teleportation {unknown}
 h - a scroll of enchant weapon {unknown}
 i - a scroll of random uselessness {unknown}
 k - a scroll of amnesia {unknown}
 l - 2 scrolls of identify {unknown}
 m - 2 scrolls of noise {unknown}
 n - a scroll of immolation {unknown}
 r - 3 scrolls of remove curse {unknown}
Potions
 d - a potion of invisibility
 f - 2 potions of curing {unknown}
 g - a potion of stabbing {unknown}
 o - 2 potions of heal wounds {unknown}
 q - a potion of brilliance {unknown}
 s - a potion of mutation {unknown}
 t - a potion of degeneration {unknown}
 u - a potion of lignification {unknown}


   Skills:
 + Level 0.9 Fighting
 + Level 1.4 Short Blades
 + Level 0.2 Throwing
 + Level 2.7 Dodging
 + Level 4.6 Stealth
 * Level 4.9 Spellcasting
 * Level 2.2 Conjurations
 + Level 2.0 Summonings
 + Level 1.0 Translocations
 * Level 1.8 Fire Magic
 * Level 0.7 Air Magic
 * Level 1.0 Poison Magic


You had 4 spell levels left.
You knew the following spells:

 Your Spells              Type           Power        Failure   Level
a - Magic Dart            Conj           ##..         5%          1
b - Blink                 Tloc           N/A          14%         2
c - Call Imp              Summ           ##......     9%          2
d - Conjure Flame         Conj/Fire      ##......     17%         3
e - Mephitic Cloud        Conj/Pois/Air  #.......     24%         3

Your spell library contained the following spells:

 Spells                   Type           Power        Failure   Level
 Slow                     Hex            #.......     21%         2


Dungeon Overview and Level Annotations

Branches:
Dungeon (4/15)              Sewer (visited)
 Temple: D:4-7

Altars:


Innate Abilities, Weirdness & Mutations

You cannot wear most types of armour.
You are very stealthy in the water. (Stealth+)
You are amphibious.
You can wear up to eight rings at the same time.
You can use your tentacles to constrict eight enemies at once.
Your skin changes colour to match your surroundings (Stealth+).
Your rubbery body absorbs attacks. (AC +1, EV +1)


Message History

You constrict the orc warrior.
The orc warrior hits you but does no damage.
You hit the orc warrior.
You squeeze the orc warrior, but do no damage.
The orc warrior is severely wounded.
You constrict the orc warrior, but do no damage.
The orc warrior hits you with a +0 battleaxe!
You hit the orc warrior but do no damage.
The orc warrior is almost dead.
You constrict the orc warrior, but do no damage.
You hit the orc warrior but do no damage.
The orc warrior is almost dead.
You constrict the orc warrior.
The orc warrior looks more healthy.
The orc warrior hits you with a +0 battleaxe!
You hit the orc warrior but do no damage.
The orc warrior is almost dead.
You constrict the orc warrior, but do no damage.
The orc warrior hits you with a +0 battleaxe!!
Ouch! That really hurt!
You die...

#.##.##.# #.....# #.##.##.#
#.....# #.....(.# #.....##
#......## #..†..## #..#.#.##
#.....## #.##(#..# ###.####
#.##.#(.# #.# #
#.##.#..######.####
#o@....##....#.....
###...###.##.#####.
##.####........<. #############
#.......#.#(.##.
###...........##########.#.......
....#########.....#### #.###..###
##### ##.......# #.###..# #
#.##.##.# #......# #### #.##.##.#
####...#


You could see an orc warrior.

Vanquished Creatures
  Purgy (Sewer)
  A bullfrog skeleton (D:4)
  An iguana (D:4)
  3 orc wizards (D:4)
  A worker ant (D:4)
  A gnoll (D:4)
  8 adders
  A river rat (D:3)
  An adder skeleton (D:4)
  A worm (D:3)
  A dart slug (D:1)
  4 leopard geckos
  3 orcs (D:4)
  5 giant cockroaches
  8 goblins
  5 hobgoblins
  2 ball pythons
  9 bats
  6 frilled lizards
  6 kobolds
  A leopard gecko skeleton (D:4)
  7 rats
76 creatures vanquished.

Vanquished Creatures (collateral kills)
  2 orc priests (D:4)
  2 orc wizards (D:4)
  A worker ant (D:4)
  2 gnolls
  A river rat (D:3)
  2 orcs (D:4)
  A rat (D:3)
11 creatures vanquished.

Grand Total: 87 creatures vanquished

Notes
Turn   | Place    | Note
-------+----------+-------------------------------------------
     0 | D:1      | Conn the Octopode Hedge Wizard began the quest for the Orb.
     0 | D:1      | Reached XP level 1. HP: 11/11 MP: 4/4
   419 | D:1      | Reached XP level 2. HP: 16/17 MP: 4/6
  1333 | D:2      | Reached XP level 3. HP: 13/21 MP: 0/8
  1893 | D:2      | Learned a level 2 spell: Blink
  1896 | D:2      | Learned a level 2 spell: Call Imp
  1900 | D:2      | Learned a level 3 spell: Conjure Flame
  2462 | D:3      | Reached XP level 4. HP: 20/27 MP: 9/9
  2860 | D:3      | Found a glowing drain.
  2871 | Sewer    | Entered a sewer
  2962 | Sewer    | Reached skill level 1 in Short Blades
  2962 | Sewer    | Reached XP level 5. HP: 20/32 MP: 7/11
  3118 | Sewer    | Noticed Purgy
  3147 | Sewer    | Killed Purgy
  3802 | D:4      | Noticed an orc warrior
  4143 | D:3      | Learned a level 3 spell: Mephitic Cloud
  4214 | D:4      | Reached XP level 6. HP: 32/37 MP: 6/12
  4634 | D:4      | Reached skill level 1 in Poison Magic
  4648 | D:4      | Reached skill level 1 in Fire Magic
  4893 | D:4      | Reached XP level 7. HP: 42/42 MP: 10/14
  4932 | D:3      | Slain by an orc warrior

Illustrated notes

Levels and vault maps discovered:
D:1:      wheals_arrival_linesprint, layout_basic
D:2:      layout_basic, st_stairs_8
D:3:      layout_loops_cross, portal_sewer_entry_e
D:4:      layout_rooms

Skill      XL: |  1  2  3  4  5  6 |
---------------+-------------------+-----
Stealth        | 3 4 |  4.6
Spellcasting   | 4 |  4.9
Short Blades   | 1 |  1.4
Conjurations   | 2 |  2.2
Poison Magic   | 1 |  1.0
Summonings     | 2 |  2.0
Fire Magic     | 1 |  1.8
Fighting       | |  0.9
Throwing       | |  0.2
Dodging        | |  2.7
Translocations | |  1.0
Air Magic      | |  0.7

Action                   |  1- 3 |  4- 6 |  7- 9 || total
-------------------------+-------+-------+-------++-------
Melee: Dagger            |    33 |       |       ||    33
       Constrict         |    13 |    19 |     3 ||    35
       Tentacles         |     7 |    11 |     3 ||    21
       Short sword       |    19 |    70 |    10 ||    99
Throw: Dart              |       |     4 |     1 ||     5
 Cast: Magic Dart        |    41 |    51 |     3 ||    95
       Call Imp          |       |    21 |     4 ||    25
       Conjure Flame     |       |     1 |       ||     1
       Blink             |       |     1 |       ||     1
  Use: Potion            |       |     1 |       ||     1
 Stab: Sleeping          |     4 |     8 |       ||    12
       Invisible         |       |     3 |       ||     3
Armor: Skin              |     9 |     7 |     1 ||    17
Dodge: Dodged            |    44 |    36 |     3 ||    83

Table legend: (Time is in decaauts)
 A = Elapsed time spent in this place.
 B = Non-inter-level travel time spent in this place.
 C = Inter-level travel time spent in this place.
 D = Time resting spent in this place.
 E = Time spent auto-exploring this place.
 F = Levels seen in this place.
 G = Mean time per level.
                   A        B        C        D        E       F      G
               +--------+--------+--------+--------+--------+-----+--------+
         Total |   4939 |   4921 |     18 |   1526 |   2160 |   5 |  987.8 |
       Dungeon |   4501 |   4483 |     18 |   1336 |   2048 |   4 | 1125.2 |
         Sewer |    437 |    437 |      0 |    190 |    112 |   1 |  437.0 |
               +--------+--------+--------+--------+--------+-----+--------+

Top non-repeatable levels by time:
     D:3: 1802 daAuts
     D:1: 1287 daAuts
     D:2: 1019 daAuts
   Sewer: 437 daAuts
     D:4: 393 daAuts
